[Event "1000GM Memorial Day GM Schev 2023"]
[Site "New York"]
[Date "2023.05.28"]
[Round "5.1"]
[White "Ostrovskiy, Aleksandr"]
[Black "Lenderman, Aleksandr"]
[Result "1-0"]
[ECO "C54"]
[WhiteElo "2394"]
[BlackElo "2572"]
[Annotator "TA"]
[PlyCount "83"]
[EventDate "2023.05.23"]
[EventType "schev"]
[EventCountry "USA"]
[SourceTitle "playchess.com"]
[Source "ChessBase"]
[SourceQuality "1"]
[TimeControl "5400+30"]

1. e4 e5 2. Nf3 Nc6 3. Bc4 Bc5 4. O-O Nf6 5. d3 d6 6. c3 a6 {[%emt 0:00:26] 6...a5 is setting a new trend.} 7. a4 {[%emt 0:01:08] C54: Giuoco Piano: 4 c3 Nf6, main lines with 5 d4 and 5 d3.} Ba7 8. Nbd2 h6 9. Re1 {[%emt 0:03:07] White has an edge.} g5 10. Nf1 (10. b4 $5) 10... g4 11. N3d2 h5 12. Ne3 (12. Nb3 {is interesting.} Be6 13. Bg5 Rg8 14. Bh4) 12... h4 13. Ndf1 $1 Rg8 14. b4 Be6 15. Bxe6 fxe6 16. b5 Ne7 {[%emt 0:01:01] [#]} 17. bxa6 $146 ({Predecessor:} 17. d4 exd4 18. cxd4 Qd7 19. Rb1 axb5 20. Rxb5 c6 21. Rb3 O-O-O 22. Nc4 d5 23. Na5 {1-0 Demchenko,A (2672)-Bologan,V (2600) EU-ch 19th Batumi 2018 (9)}) 17... bxa6 18. d4 Qd7 {[%emt 0:07:06] aiming for ...Qc6.} (18... Nxe4 $2 19. Nxg4 Nxc3 20. Nf6+ Kf7 21. Qf3 Bxd4 22. Nxg8+ Kxg8 23. Ra3 $18) 19. Qd3 Nc6 20. d5 Ne7 21. dxe6 Qxe6 22. Qxa6 Kf7 {[%emt 0:06:38] [#] Strongly threatening ...Bxe3.} 23. Qd3 g3 24. hxg3 $16 {[%emt 0:03:12] Black is on the road to losing.} h3 25. Qc4 (25. Nf5 {looks sharper.} Rh8 26. Bg5 Nxe4 27. Nh6+) 25... Qxc4 26. Nxc4 h2+ 27. Nxh2 Rxg3 {[%emt 0:00:02] [#]} 28. Be3 $1 Bxe3 29. Nxe3 Rg6 (29... Rgg8 $16 {was necessary.} 30. Ra3 Ra5) 30. f3 $18 Nh5 31. Reb1 {[%emt 0:04:43] Threatens to win with Rb7.} Nf4 32. Rb7 Ne2+ $2 (32... Ne6 33. a5 Ke8) 33. Kf2 Nxc3 34. Rc1 {[%emt 0:03:16] White is clearly winning.} ({Less strong is} 34. Rxc7 Rxa4 35. Rxa4 Nxa4 $18) 34... d5 (34... Nxa4 $142 35. Rcxc7 (35. Rbxc7 Nc5 $16) 35... Re8) 35. Rxc3 d4 36. Rcxc7 dxe3+ 37. Kxe3 Re6 38. Ra7 Rb8 39. Rcb7 Rc8 40. Ng4 Kf8 41. Rc7 Rb8 42. Kf2 {[%emt 0:01:11] Weighted Error Value: White=0.13 (very precise) /Black=0.32} 1-0

[Event "1000GM Memorial Day GM Schev 2023"]
[Site "New York"]
[Date "2023.05.28"]
[Round "5.2"]
[White "Kaliksteyn, Alexander"]
[Black "Rohde, Michael"]
[Result "1/2-1/2"]
[ECO "A30"]
[WhiteElo "2373"]
[BlackElo "2339"]
[Annotator "TA"]
[PlyCount "42"]
[EventDate "2023.05.23"]
[EventType "schev"]
[EventCountry "USA"]
[SourceTitle "playchess.com"]
[Source "ChessBase"]
[SourceQuality "1"]
[TimeControl "5400+30"]

1. c4 c5 2. Nf3 Nf6 3. Nc3 e6 4. g3 b6 5. Bg2 Bb7 6. O-O a6 7. b3 Be7 8. Bb2 O-O 9. d4 cxd4 10. Nxd4 Bxg2 11. Kxg2 Qc7 12. e3 Nc6 13. Nxc6 Qxc6+ 14. Qf3 {[%emt 0:00:06] A30: Symmetrical English: Double Fianchetto and Hedgehog.} Rfc8 15. Rfd1 {[%emt 0:00:27] [#] An uneventful encounter.} {Predecessor:} Rab8 $146 16. a4 d6 17. Rab1 Nd7 18. Ba3 Nc5 19. Qxc6 Rxc6 20. Ne2 Rc7 21. Nd4 g6 {½-½ Vidarte Morales,A (2350)-Marin,M (2545) Sitges op 1996 (9)} 1/2-1/2

[Event "1000GM Memorial Day GM Schev 2023"]
[Site "New York"]
[Date "2023.05.29"]
[Round "6.1"]
[White "Lenderman, Aleksandr"]
[Black "Ostrovskiy, Aleksandr"]
[Result "1-0"]
[ECO "D12"]
[WhiteElo "2572"]
[BlackElo "2394"]
[Annotator "TA"]
[PlyCount "43"]
[EventDate "2023.05.23"]
[EventType "schev"]
[EventCountry "USA"]
[SourceTitle "playchess.com"]
[Source "ChessBase"]
[SourceQuality "1"]
[TimeControl "5400+30"]

1. d4 d5 2. c4 c6 3. Nf3 Nf6 4. e3 Bf5 5. Nc3 e6 6. Nh4 Be4 7. f3 Bg6 {[%emt 0:00:00] D12: Slav Defence: 3 Nf3 Nf6 4 e3 Bf5.} 8. Bd2 Be7 {[%emt 0:00:00] 8...Be7 is better than 8...Nbd7.} 9. Nxg6 hxg6 {[%emt 0:00:00] White has an edge.} 10. Qc2 Qc7 {[%emt 0:00:00] [#]} 11. g3 $146 ({Predecessor:} 11. O-O-O Rxh2 12. Rxh2 Qxh2 13. Qb3 Qc7 14. Kb1 Nbd7 15. cxd5 Nxd5 16. Nxd5 exd5 17. e4 {1-0 Matlakov,M (2671)-Vallejo Pons,F (2711) Chess.com Rapid CGC KO 2022 (1.2)}) 11... a6 12. O-O-O dxc4 13. Bxc4 Nbd7 14. e4 b5 15. Be2 (15. Bxe6 {feels hotter.} fxe6 16. e5 Kf7 17. exf6 gxf6 18. h4) 15... Rc8 (15... c5 $11 {is more appropriate.} 16. Bf4 Qb7) 16. Kb1 $14 Qb7 17. Be3 c5 {[%emt 0:00:00] [#]} 18. d5 (18. e5 $1 $16 Nd5 19. Nxd5 exd5 20. dxc5) 18... exd5 $11 19. Nxd5 Nxd5 20. Rxd5 c4 21. h4 Nf6 22. Rdd1 {[%emt 0:01:17] Weighted Error Value: White=0.14 (very precise) /Black=0.14 (very precise)} 1-0